 Dungeon Crawl Stone Soup version 0.31.0-32-g396128a36d (webtiles) character file.

Game seed: 17419983084198352288

620 tizbic2 the Shooter (level 7, -1/54 HPs)
             Began as a Formicid Hunter on Mar 24, 2024.
             Was an Initiate of the Shining One.
             Slain by an ogre
             ... wielding a +0 giant club
              (14 damage)
             ... on level 5 of the Dungeon on Mar 25, 2024.
             The game lasted 00:12:36 (3279 turns).

tizbic2 the Shooter (Formicid Hunter)               Turns: 3279, Time: 00:12:37

Health: -1/54      AC: 14    Str: 22    XL:     7   Next: 75%
Magic:  18/18      EV:  7    Int:  8    God:    the Shining One [......]
Gold:   70         SH:  0    Dex: 19    Spells: 6/6 levels left

rFire   . . .        a - +4 club
rCold   . . .        (no shield)
rNeg    . . .        p - +1 plate armour
rPois   .            (helmet unavailable)
rElec   .            l - +1 cloak
rCorr   .            (no gloves)
SInv    +            (no boots)
Will    .....        (no amulet) Stlth
                     c - ring of magical power
HPRegen 0.29/turn    v - +6 ring of strength
MPRegen 0.16/turn

%: no passive effects
@: glowing
A: permanent stasis, dig shafts and tunnels, antennae 3, four strong arms
a: Dig, Shaft Self, Renounce Religion


You were on level 5 of the Dungeon.
You worshipped the Shining One.
The Shining One was noncommittal.
You visited 2 branches of the dungeon, and saw 6 of its levels.

You collected 245 gold pieces.
You spent 175 gold pieces at shops.

Inventory:

Hand Weapons
 a - a +4 club (weapon)
 e - a +2 heavy mace
 w - a +0 orcbow
Armour
 l - a +1 cloak (worn)
 o - a +2 robe of fire resistance
 p - a +1 plate armour (worn)
Jewellery
 c - a ring of magical power (left hand)
 u - a +6 ring of intelligence
 v - a +6 ring of strength (right hand)
Scrolls
 b - a scroll of butterflies
 d - 4 scrolls of identify
 f - 2 scrolls of immolation {unknown}
 h - a scroll of fear {unknown}
 j - a scroll of brand weapon {unknown}
 k - 2 scrolls of revelation {unknown}
 m - a scroll of amnesia {unknown}
 t - a scroll of enchant weapon {unknown}
 x - a scroll of poison {unknown}
Potions
 g - 2 potions of heal wounds
 i - a potion of magic {unknown}
 n - a potion of degeneration {unknown}
 q - a potion of enlightenment {unknown}
 r - 2 potions of brilliance
 s - a potion of haste {unknown}


   Skills:
 + Level 4.1 Fighting
 * Level 6.1 Ranged Weapons
 + Level 3.1 Armour
 - Level 1.7 Dodging
 - Level 1.2 Stealth
 + Level 3.8 Shields
 + Level 3.4 Invocations


You had 6 spell levels left.
You didn't know any spells.
Your spell library contained the following spells:

 Spells                   Type           Power      Damage    Failure   Level
 Apportation              Tloc           0%         N/A       100%        1
 Sting                    Conj/Alch      0%         1d3       100%        1
 Jinxbite                 Hex            0%         N/A       100%        2
 Mercury Vapours          Alch/Air       0%         N/A       100%        2
 Volatile Blastmotes      Fire/Tloc      0%         2d10      100%        3
 Fulminant Prism          Conj/Alch      0%         3d5       100%        4
 Iskenderun's Mystic Bla  Conj/Tloc      0%         2d3       100%        4
 Olgreb's Toxic Radiance  Alch           0%         N/A       100%        4
 Alistair's Intoxication  Alch           0%         N/A       100%        5


Dungeon Overview and Level Annotations

Branches:
Dungeon (5/15)             Temple (1/1) D:4

Altars:
Ashenzari
Dithmenos
Elyvilon
Gozag
Hepliaklqana
Kikubaaqudgha
Makhleb
Nemelex Xobeh
Okawaru
Qazlal
Sif Muna
Trog
Uskayaw
Vehumet
Wu Jian
Xom
Yredelemnul
The Shining One

Shops:
D:1 :   D:4 *

Annotations:
D:3 3 runed translucent doors, Rpamer15's ghost, amateur TeNe; TerraPolaris's ghost, weakling MiFi


Innate Abilities, Weirdness & Mutations

You cannot be hasted, slowed, berserked, paralysed or teleported.
You can dig through walls and to a lower floor.
You have a pair of large antennae on your head. (SInv)
Your four strong arms can wield two-handed weapons with a shield.


Message History

Found 5 stones.
You see here 5 stones.
Found 12 gold pieces.
Found a stone staircase leading down and a stone staircase leading up.
Found a stone staircase leading down.
You now have 70 gold pieces (gained 12).
A dart slug comes into view.
An ogre comes into view. It is wielding a +0 giant club.
The dart slug launches a dart at you. The slug dart hits you.
The ogre shouts!
The dart slug launches a dart at you. The slug dart hits you.
You hit the dart slug.
The dart slug is moderately wounded.
The dart slug bites you but does no damage.
You sock the dart slug!
You kill the dart slug!
You hit the ogre.
The ogre is lightly wounded.
The ogre hits you with a +0 giant club.
You hit the ogre.
The ogre is moderately wounded.
The ogre closely misses you.
You closely miss the ogre.
The ogre is moderately wounded.
The ogre hits you with a +0 giant club!
You thump the ogre! You punch the ogre.
The ogre is heavily wounded.
You hit the ogre.
The ogre is severely wounded.
The ogre barely misses you.
You hit the ogre.
The ogre is almost dead.
The ogre hits you with a +0 giant club!
* * * LOW HITPOINT WARNING * * *
You hit the ogre but do no damage.
The ogre is almost dead.
The ogre hits you with a +0 giant club!
You die...

.>......#.#(..........†.......#
..##..#....#######.....#########
.............# #######
..#####.<..#.#
...........#.##########
############.#.........
#.#......### #.#.........
#.#.@....# #.#O#.#...#
#.#.#.#.#.# #.......... {
###.#####.# #.# ... ,#..# ####


You could see an ogre.

Vanquished Creatures
  A black bear (D:4)
  2 scorpions
  2 crimson imps (D:3)
  2 bombardier beetles (D:4)
  2 orc priests (D:4)
  Jessica (D:2)
  An iguana (D:4)
  A sleepcap (D:4)
  4 adders
  5 dart slugs
  4 ribbon worms
  6 orcs
  2 bats
  5 endoplasms
  4 giant cockroaches
  4 goblins
  4 hobgoblins
  4 jackals
  10 kobolds
  4 quokkas
  7 ball pythons
  3 frilled lizards
  7 rats
85 creatures vanquished.

Notes
Turn   | Place    | Note
-------+----------+-------------------------------------------
     0 | D:1      | tizbic2 the Formicid Hunter began the quest for the Orb.
     0 | D:1      | Reached XP level 1. HP: 16/16 MP: 1/1
   164 | D:1      | Reached XP level 2. HP: 22/22 MP: 2/2
   235 | D:1      | Reached skill level 1 in Invocations
   426 | D:1      | Reached skill level 1 in Shields
   465 | D:1      | Found Odyagarr's Book Emporium.
   553 | D:2      | Reached XP level 3. HP: 28/28 MP: 3/3
   633 | D:2      | Reached skill level 1 in Armour
   664 | D:2      | Noticed Jessica
   675 | D:2      | Killed Jessica
   676 | D:2      | Reached XP level 4. HP: 24/34 MP: 3/5
   874 | D:2      | Found an opulent altar of Gozag.
  1015 | D:2      | Found a faded altar of an unknown god.
  1406 | D:3      | Reached XP level 5. HP: 40/40 MP: 6/6
  1462 | D:3      | Found a bloodstained altar of Trog.
  1609 | D:3      | Found a shimmering altar of Xom.
  1671 | D:3      | Reached skill level 5 in Ranged Weapons
  1769 | D:3      | Reached XP level 6. HP: 43/47 MP: 7/7
  2037 | D:3      | Found a runed translucent gate.
  2037 | D:3      | Found a runed translucent gate.
  2038 | D:3      | Found a runed translucent gate.
  2039 | D:3      | Noticed TerraPolaris's ghost (weakling MiFi)
  2039 | D:3      | Noticed Rpamer15's ghost (amateur TeNe)
  2191 | D:4      | Noticed a black bear
  2197 | D:4      | Killed a black bear
  2379 | D:4      | HP: 2/47 [poisoned by a scorpion]
  2380 | D:4      | Reached XP level 7. HP: 2/53 MP: 9/9
  2700 | D:4      | Found Cenapt's General Store.
  2707 | D:4      | Bought a potion of heal wounds for 70 gold pieces
  2707 | D:4      | Bought a scroll of enchant armour for 105 gold pieces
  2721 | D:4      | Found a staircase to the Ecumenical Temple.
  2728 | Temple   | Entered the Ecumenical Temple
  2748 | Temple   | Became a worshipper of the Shining One
  3111 | D:4      | Reached skill level 6 in Ranged Weapons
  3160 | D:5      | Entered Level 5 of the Dungeon
  3279 | D:5      | Slain by an ogre

Illustrated notes

Levels and vault maps discovered:
D:1:      matt_arrival_grand_opening, layout_rooms, serial_shops, shop
D:2:      layout_rooms, shapermc_ecumenical_altar_hornbeckon, basic_altar,
          minmay_ruptured, uniq_jessica
D:3:      layout_loops_ring, general_overflow_altar, led_xom_imps,
          gammafunk_ghost_cemetery, serial_rivers,
          chequers_serial_rivers_small_3, chequers_serial_rivers_micro_d,
          chequers_serial_rivers_small_a, chequers_serial_rivers_small_a,
          chequers_serial_rivers_small_a, kennysheep_generic_room_8
D:4:      layout_rooms, minmay_temple_entry_gardened_gates, serial_shops,
          nicolae_shop_gibbet_a_chance, chequers_serial_rivers_small_a
D:5:      layout_basic, kennysheep_generic_room_12
Temple:   nicolae_temple_x_marks_the_god

Skill      XL: |  1  2  3  4  5  6  7 |
---------------+----------------------+-----
Invocations    | 1 2 3 |  3.4
Shields        | 1 2 3 |  3.8
Armour         | 1 2 3 |  3.1
Fighting       | 3 4 |  4.1
Ranged Weapons | 5 6 |  6.1
Dodging        | |  1.7
Stealth        | |  1.2

Action                     |  1- 3 |  4- 6 |  7- 9 || total
---------------------------+-------+-------+-------++-------
  Melee: Club              |       |    11 |    53 ||    64
         Mace              |       |     2 |       ||     2
         Punch             |       |       |     2 ||     2
   Fire: Shortbow          |    27 |       |       ||    27
         Orcbow            |    35 |   154 |    32 ||   221
    Use: Scroll            |     4 |     1 |     1 ||     6
         Potion            |       |     1 |     1 ||     2
 Armour: Ring mail         |    17 |       |       ||    17
         Plate armour      |       |   189 |    71 ||   260
  Dodge: Dodged            |    22 |    52 |    15 ||    89
